 Crawl Stoat Soup version 0.23-ish-327-87-g3a41155e8f (console) character file.

2 hilarita the Skirmisher (level 1, -1/16 HPs)
             Began as a Demonspawn Wanderer on Mar 31, 2024.
             Succumbed to a goblin's poison
             ... on level 1 of the Dungeon.
             The game lasted 00:01:12 (216 turns).

hilarita the Skirmisher (Demonspawn Wanderer)        Turns: 216, Time: 00:01:12

Health: -1/16      AC:  9    Str:  8    XL:     1   Next: 33%
Magic:  2/2        EV:  7    Int: 17    God:
Gold:   15         SH:  0    Dex: 12    Spells: 1/2 levels left

rFire    . . .     SeeInvis .   d - +0 dagger
rCold    . . .     Gourm    .   (no shield)
rNeg     . . .     Faith    .   a - +2 scale mail
rPois    .         Spirit   .   (no helmet)
rElec    .         Warding  .   j - +0 cloak
rCorr    .         Reflect  .   (no gloves)
MR       .....     Harm     .   (no boots)
Stlth    ..........             (no amulet)
HPRegen  0.05/turn              (no ring)
MPRegen  0.08/turn              (no ring)

@: lethally poisoned (-1 -> -40)
A: no striking features
a: no special abilities


You were on level 1 of the Dungeon.
You were not hungry.

You visited 1 branch of the dungeon, and saw 1 of its levels.

You collected 15 gold pieces.

Inventory:

Hand Weapons
 d - a +0 dagger (weapon)
Armour
 a - a +2 scale mail (worn)
 j - a +0 cloak (worn)
Wands
 c - a wand of random effects (15 charges)
Scrolls
 i - a scroll of remove curse {unknown}
 k - a scroll of enchant weapon {unknown}
Potions
 e - a potion of curing
 g - a potion of lignification {unknown}
Comestibles
 b - a meat ration
 f - 2 bread rations
 h - 3 chunks of flesh


   Skills:
 + Level 2.0 Fighting
   Level 1.0 Crossbows
 + Level 1.8 Armour
   Level 1.0 Shields
 + Level 1.0 Spellcasting
   Level 1.7 Fire Magic
 + Level 1.2 Evocations


You had one spell level left.
You knew the following spells:

 Your Spells              Type           Power        Failure   Level  Hunger
a - Sting                 Conj/Pois      0/25         90%         1    ##.....

Your spell library contained the following spells:

 Spells                   Type           Power        Failure   Level  Hunger
 Spider Form              Tmut/Pois      0/200        99%         3    ####...


Dungeon Overview and Level Annotations

Branches:
Dungeon (1/15)

Altars:


Message History

You closely miss the goblin.
You feel sick. The goblin hits you but does no damage.
You hit the goblin.
The goblin is severely wounded.
You feel sick. The goblin hits you but does no damage.
You are more poisoned.
You completely miss the goblin.
The goblin is severely wounded.
You feel sick. The goblin closely misses you.
You closely miss the goblin.
The goblin is severely wounded.
You feel very sick.
The goblin hits you with a dagger of venom.
You are more poisoned.
You hit the goblin.
You kill the goblin!
* * * LOW HITPOINT WARNING * * *
You feel sick.
A rat comes into view.
You die...

##+# ... ########### #.#
#.........# #.##
#.........# #...
#.........###...#####...
.r......................
#.....?@).# #.######...
#.........# #..# #.##
#.........# ##.#####..#
#.........####..........
#............#..#.....#.
############...###...###
#..##.#...#.#
##.###.....##
#..##.....##
##.......... #.....#....


You could see a rat (wandering).

Vanquished Creatures
  A goblin (D:1)
  A hobgoblin (D:1)
2 creatures vanquished.

Notes
Turn   | Place    | Note
-------+----------+-------------------------------------------
     0 | D:1      | hilarita the Demonspawn Wanderer began the quest for the
                  | Orb.
     0 | D:1      | hilarita set off with the following items: a +2 scale mail,
                  | a wand of random effects (15 charges), a +0 dagger, a bread
                  | ration; and the following spell memorised: Sting; and the
                  | following spells available to memorise: Spider Form
     0 | D:1      | Reached XP level 1. HP: 16/16 MP: 2/2
   216 | D:1      | Succumbed to a goblin's poison

Vault maps used:
D:1:      erik_arrival_blinker_ship

Action                   || total
-------------------------++-------
Melee: Dagger            ||     9
  Use: Scroll            ||     1
Armor: Scale mail        ||     5
Dodge: Dodged            ||     1

Table legend:
 A = Spawn XP
 B = Non-spawn XP
 C = Spawn XP percentage of total XP
 D = Spawn monster count
 E = Non-spawn monster count
 F = Spawn count percentage of total count
 G = Total turns spent on level
                    A         B        C        D         E        F      G
               +---------+---------+-------+---------+---------+-------+---------
         Total |       0 |       4 |   0.0 |       0 |       2 |   0.0 |   216
               +---------+---------+-------+---------+---------+-------+---------
           D:1 |       0 |       4 |   0.0 |       0 |       2 |   0.0 |   216
               +---------+---------+-------+---------+---------+-------+---------
